 Dungeon Crawl Stone Soup version 0.17-a0-1479-g4041c36 (webtiles) character file.

35 Parakulo the Firebug (level 3, 0/19 HPs)
             Began as a Deep Elf Fire Elementalist on July 3, 2015.
             Slain by a gnoll
             ... wielding a +0 whip
              (4 damage)
             ... on level 1 of the Dungeon.
             The game lasted 00:06:10 (1455 turns).

Parakulo the Firebug (Deep Elf Fire Elementalist)   Turns: 1455, Time: 00:06:10

Health: 0/19       AC:  2    Str:  5    XL:     3   Next: 16%
Magic:  0/9        EV: 13    Int: 20    God:
Gold:   49         SH:  0    Dex: 15    Spells: 2 memorised, 5 levels left

rFire  . . .     SeeInvis .     n - +0 spear
rCold  . . .     Clarity  .     a - +0 robe
rNeg   . . .     SustAt   .     (no shield)
rPois  .         Gourm    .     (no helmet)
rElec  .         Spirit   .     (no cloak)
rCorr  .         Warding  .     (no gloves)
rMut   .         Stasis   .     (no boots)
MR     .....                    (no amulet)
Stlth  ++........               (no ring)
                                (no ring)

@: not resistant to hostile enchantments, unstealthy
A: no striking features
a: no special abilities


You were on level 1 of the Dungeon.
You were not hungry.

You visited 1 branch of the dungeon, and saw 2 of its levels.

You collected 49 gold pieces.

Inventory:

Hand weapons
 e - a +2 whip of venom
 n - a +0 spear (weapon)
Missiles
 j - 21 poisoned needles
 o - 7 needles of confusion
Armour
 a - a +0 robe (worn)
 i - a +0 buckler
Jewellery
 f - an uncursed ring of sustain attributes
 q - an uncursed amulet of stasis
Scrolls
 g - 4 scrolls of identify
 p - a scroll of fear {unknown}
Potions
 d - a potion of heal wounds
 k - a potion of brilliance {unknown}
 l - a potion of curing {unknown}
Books
 b - a book of Flames

   Spells                             Type                      Level
   a - Flame Tongue                   Conjuration/Fire             1
   b - Throw Flame                    Conjuration/Fire             2
   c - Conjure Flame                  Conjuration/Fire             3
   d - Inner Flame                    Hexes/Fire                   3
   e - Sticky Flame                   Conjuration/Fire             4
   f - Fireball                       Conjuration/Fire             5
Comestibles
 c - 2 bread rations
 m - a meat ration


   Skills:
 - Level 2.4 Dodging
 - Level 2.4 Stealth
 + Level 3.4 Spellcasting
 + Level 1.3 Conjurations
 + Level 4.4 Fire Magic


You had 5 spell levels left.
You knew the following spells:

 Your Spells              Type           Power        Failure   Level  Hunger
a - Flame Tongue          Conj/Fire      ##...        4%          1    None
b - Throw Flame           Conj/Fire      ##....       10%         2    ##.....


Dungeon Overview and Level Annotations

Branches:
Dungeon (2/15)

Altars:
Cheibriados
Ru


Message History

Confirm with . or Enter, or press ? or * to list all spells.
Aiming: Throw Flame
Press: ? - help, Shift-Dir - straight line, f/p - gnoll
Aim: a gnoll, wielding a whip (moderately wounded)
The puff of flame hits the gnoll.
The gnoll is severely wounded.
The gnoll hits you but does no damage.
Casting: Throw Flame
Confirm with . or Enter, or press ? or * to list all spells.
You don't have enough magic to cast that spell.
Unknown command.
Casting: Throw Flame
Confirm with . or Enter, or press ? or * to list all spells.
Aiming: Flame Tongue
Press: ? - help, Shift-Dir - straight line, f/p - gnoll
Aim: a gnoll, wielding a whip (severely wounded)
The flame tongue hits the gnoll.
The gnoll is severely wounded.
The gnoll hits you with a whip.
You die...

.....##..........#####...#####...
.....####.......................#
.....####.......................#
...............#................#
.......)....##.#.............#...
...#........##...#####.......#...
...#........###..########....###.
...#........###g....#.........###
..............).@...#.........#
........####...#....#.........# #
........####.....####.........###
........##.....#.................
...............#.....##........##
.....................##........##
#.........#.....)....##..........
........(........................
.................##........####..


You could see a gnoll.

Vanquished Creatures
  A gnoll (D:2)
  A worm (D:1)
  A giant gecko (D:1)
  5 hobgoblins
  A kobold (D:2)
  3 bats
  3 giant cockroaches
  2 goblins
  5 rats
22 creatures vanquished.

Notes
Turn   | Place    | Note
--------------------------------------------------------------
     0 | D:1      | Parakulo the Deep Elf Fire Elementalist began the quest for the Orb.
     0 | D:1      | Reached XP level 1. HP: 10/10 MP: 6/6
   346 | D:1      | Reached XP level 2. HP: 15/15 MP: 2/8
   355 | D:1      | Learned a level 2 spell: Throw Flame
   875 | D:2      | Reached skill level 4 in Fire Magic
  1323 | D:2      | Found a sacrificial altar of Ru.
  1374 | D:2      | Found a snail-covered altar of Cheibriados.
  1410 | D:2      | Reached XP level 3. HP: 19/19 MP: 0/9
  1455 | D:1      | Slain by a gnoll

Vault maps used:
D:1:      minmay_arrival_open_corners
D:2:      nicolae_overflow_hidden_temple, first_bread, minmay_newt_pond

Action                   || total
-------------------------++-------
Melee: Whip              ||     2
       Spear             ||     9
 Cast: Flame Tongue      ||    26
       Throw Flame       ||    16
  Use: Scroll            ||     4
 Stab: Sleeping          ||     1
  Eat: Chunk             ||     2
